 Dungeon Crawl Stone Soup version 0.31-a0-263-ge8cad7f256 (webtiles) character file.

Game seed: 1377271485124587648

191 qw the Shooter (level 5, 0/30 HPs)
             Began as a Gargoyle Hexslinger on July 13, 2023.
             Slain by an orc warrior
             ... wielding a +0 glaive
              (11 damage)
             ... on level 4 of the Dungeon.
             The game lasted 00:00:52 (1863 turns).

qw the Shooter (Gargoyle Hexslinger)                Turns: 1863, Time: 00:00:53

Health: 0/30       AC: 10    Str: 11    XL:     5   Next: 70%
Magic:  6/6        EV: 10    Int: 10    God:
Gold:   123        SH:  0    Dex: 14    Spells: 5/6 levels left

rFire   + . .        Y - +1 sling
rCold   . . .        (no shield)
rNeg    + . .        a - +0 ring mail
rPois   inf          (no helmet)
rElec   +            (no cloak)
rCorr   .            c - +0 pair of gloves
SInv    .            (no boots)
Will    .....        (no amulet)
Stlth   +            i - ring of Ynemopno {Drain Fly rElec rF+ Int-4}
HPRegen 0.25/turn    (no ring)
MPRegen 0.10/turn

%: no passive effects
@: flying
A: sickness immunity, AC +4, negative energy resistance 1, electricity
resistance, torment resistance 1, petrification resistance
a: no special abilities


You were on level 4 of the Dungeon.
You visited 1 branch of the dungeon, and saw 4 of its levels.

You collected 123 gold pieces.


Innate Abilities, Weirdness & Mutations

You are immune to sickness and miasma.
Your stone body is resilient. (AC +4)
You are immune to poison.
You resist negative energy. (rN+)
You are resistant to electric shocks. (rElec)
You are resistant to unholy torment.
You are immune to petrification.


   Skills:
 + Level 2.1 Fighting
 - Level 5.2 Ranged Weapons
 - Level 1.1 Armour
 - Level 1.5 Dodging
 - Level 1.0 Spellcasting
 - Level 2.6 Hexes


You had 5 spell levels left.
You knew the following spells:

 Your Spells              Type           Power      Damage    Failure   Level
a - Slow                  Hex            20%        N/A       26%         1

Your spell library contained the following spells:

 Spells                   Type           Power      Damage    Failure   Level
 Inner Flame              Hex/Fire       3%         N/A       80%         3
 Portal Projectile        Hex/Tloc       6%         N/A       80%         3
 Cause Fear               Hex            2%         N/A       95%         4

Inventory:

Hand Weapons
 Y - a +1 sling (weapon)
Armour
 a - a +0 ring mail (worn)
 c - a +0 pair of gloves (worn)
Jewellery
 i - the ring of Ynemopno (left hand) {Drain Fly rElec rF+ Int-4}
   (You found it on level 3 of the Dungeon)

   [ring of protection from fire]

   Int:       It affects your intelligence (-4).
   rF:        It protects you from fire.
   rElec:     It insulates you from electricity.
   Fly:       It grants you flight.
   Drain:     It drains your maximum health when unequipped.
Scrolls
 b - a scroll of identify
 l - a scroll of teleportation
Potions
 d - a potion of attraction {unknown}
 e - a potion of curing {unknown}
 f - a potion of magic {unknown}
 g - a potion of mutation {unknown}
 h - a potion of haste {unknown}
 j - a potion of degeneration {unknown}
 k - a potion of enlightenment {unknown}
 m - a potion of invisibility {unknown}

Dungeon Overview and Level Annotations

Branches:
Dungeon (4/15)
 Temple: D:4-7

Altars:
Xom

Annotations:
D:4 1 transporter


Message History

Enter note: You shoot a sling bullet.
The orc warrior shouts!
The sling bullet hits the orc.
The orc is almost dead.
You shoot a sling bullet.
The sling bullet closely misses the orc.
An orc comes into view. It is wielding a +0 club.
You shoot a sling bullet. The sling bullet hits the orc.
You kill the orc!
An orc comes into view. It is wielding a +0 club.
You shoot a sling bullet. The orc shouts!
The sling bullet hits the orc!
You kill the orc!
You shoot a sling bullet.
The sling bullet closely misses the orc warrior.
The sling bullet hits the orc but does no damage.
You shoot a sling bullet.
The sling bullet barely misses the orc warrior.
The sling bullet hits the orc.
The orc is moderately wounded.
The orc warrior hits you from afar with a +0 glaive.
The orc warrior completely misses you.
You shoot a sling bullet.
The sling bullet hits the orc warrior but does no damage.
The orc warrior closely misses you.
You shoot a sling bullet.
The sling bullet hits the orc warrior but does no damage.
The orc warrior hits you but does no damage.
You shoot a sling bullet. The sling bullet hits the orc!
You kill the orc!
The orc warrior hits you from afar with a +0 glaive!
Ouch! That really hurt!
You shoot a sling bullet.
The sling bullet closely misses the orc warrior.
The sling bullet hits the orc.
The orc is severely wounded.
The orc warrior hits you from afar with a +0 glaive!
You die...

.................
#########....#.##.# #
#.......#.# #
#.......#.#
#########.......#.#
................#.#
#########.......#.#
......# #.###...#.######
..###.###.###...@.oo....
..###.##...##...#)#####.
.......+...'.>....)..
......##...##.#.#.###
..#######.###.###.# ..#
#.# #.. .. ..# #.# ...#
.## ..# ........ .. ..#
######..#.##


You could see an orc warrior and an orc.

Vanquished Creatures
  A phantom (D:4)
  An iguana (D:4)
  3 adders
  4 dart slugs (D:3)
  3 orcs (D:4)
  3 ball pythons
  3 endoplasms
  2 giant cockroaches (D:1)
  3 goblins
  6 hobgoblins
  3 jackals (D:3)
  5 quokkas
  3 bats
  3 frilled lizards
  2 kobolds
  6 rats
51 creatures vanquished.

Notes
Turn   | Place    | Note
-------+----------+-------------------------------------------
     0 | D:1      | qw the Gargoyle Hexslinger began the quest for the Orb.
     0 | D:1      | Reached XP level 1. HP: 12/12 MP: 2/2
     0 | D:1      | 0 ||| qw: Version: 0.3-a-52-g30416fa
     0 | D:1      | 0 ||| qw: Game counter: 7166
     0 | D:1      | 0 ||| qw: Melee chars always use a shield: true
     0 | D:1      | 0 ||| qw: God list: Okawaru
     0 | D:1      | 0 ||| qw: Allow faded altars: false
     0 | D:1      | 0 ||| qw: Do Orc after clearing Dungeon:15 true
     0 | D:1      | 0 ||| qw: Do second Lair branch before Depths: true
     0 | D:1      | 0 ||| qw: Lair rune preference: random
     0 | D:1      | 0 ||| qw: Goals: Normal
     0 | D:1      | 0 ||| PLANNING D:1-11
    93 | D:1      | Reached XP level 2. HP: 11/16 MP: 3/3
   114 | D:1      | Found a faded altar of an unknown god.
   115 | D:1      | You fall into a shaft and drop 1 floor!
   202 | D:2      | 202 ||| READING scroll labelled CIPTUL OLLI.
   211 | D:2      | 211 ||| READING scroll labelled LERGHI NAFIYCUGRI.
   212 | D:2      | 212 ||| DROPPING scroll of poison.
   327 | D:1      | Reached skill level 3 in Ranged Weapons
   561 | D:1      | Reached XP level 3. HP: 21/21 MP: 4/4
   564 | D:1      | 564 ||| UPGRADING to +0 ring mail.
   574 | D:1      | 574 ||| DROPPING +0 robe.
   575 | D:1      | 575 ||| READING scroll labelled TUGINU DUUTY.
   605 | D:2      | Found a shimmering altar of Xom.
   992 | D:2      | 992 ||| READING scroll labelled CUQOMN OMIS.
   993 | D:2      | 993 ||| READING scroll labelled UGELOTHROAL.
  1121 | D:3      | Identified the ring of Ynemopno {Drain Fly rElec rF+ Int-4}
  1312 | D:3      | Reached XP level 4. HP: 26/26 MP: 5/5
  1332 | D:3      | Reached skill level 4 in Ranged Weapons
  1599 | D:3      | 1599 ||| UPGRADING to +0 pair of gloves.
  1604 | D:3      | 1604 ||| UPGRADING to ring of Ynemopno {Drain Fly rElec rF+
                  | Int-4}.
  1605 | D:3      | 1605 ||| READING scroll labelled IWU CEUFRUMM.
  1606 | D:3      | 1606 ||| READING 2 scrolls labelled ZANACEKHIRCH.
  1607 | D:3      | 1607 ||| READING 2 scrolls of identify.
  1607 | D:3      | 1607 ||| IDENTIFYING ruby potion
  1608 | D:3      | 1608 ||| DROPPING potion of brilliance.
  1609 | D:3      | 1609 ||| DROPPING scroll of immolation.
  1643 | D:4      | Reached skill level 1 in Armour
  1657 | D:4      | Found a transporter.
  1672 | D:4      | Noticed a toenail golem
  1717 | D:4      | Noticed a phantom
  1738 | D:4      | Killed a phantom
  1739 | D:4      | Reached skill level 5 in Ranged Weapons
  1739 | D:4      | Reached XP level 5. HP: 12/30 MP: 6/6
  1854 | D:4      | Noticed an orc warrior
  1863 | D:4      | Slain by an orc warrior

Levels and vault maps discovered:
D:1:      scummos_arrival_simple_crosswalls, layout_rooms,
          hellmonk_ecumenical_altar_run_dry, amcnicky_mini_rare_corridor_liquid
D:2:      layout_basic, basic_altar
D:3:      layout_loops_ring
D:4:      layout_basic, gammafunk_ghost_abyssal_escape, serial_shops, shop

Skill      XL: |  1  2  3  4 |
---------------+-------------+-----
Ranged Weapons | 3 5 |  5.2
Fighting       | 2 |  2.1
Armour         | 1 |  1.1
Dodging        | |  1.5
Spellcasting   | |  1.0
Hexes          | |  2.6

Action                     |  1- 3 |  4- 6 || total
---------------------------+-------+-------++-------
   Fire: Sling             |   130 |    82 ||   212
    Use: Scroll            |     5 |     3 ||     8
 Armour: Robe              |     7 |       ||     7
         Ring mail         |    21 |    35 ||    56
  Dodge: Dodged            |    34 |    34 ||    68

Table legend:
 A = Non-vault XP
 B = Vault XP
 C = Vault XP percentage of total XP
 D = Non-vault monster count
 E = Vault monster count
 F = Vault count percentage of total count
                 A         B        C        D         E       F
            +---------+---------+-------+---------+---------+-------
      Total |     274 |       0 |   0.0 |      51 |       0 |   0.0
            +---------+---------+-------+---------+---------+-------
        D:1 |      31 |       0 |   0.0 |      18 |       0 |   0.0
        D:2 |       4 |       0 |   0.0 |       4 |       0 |   0.0
        D:3 |      71 |       0 |   0.0 |      22 |       0 |   0.0
        D:4 |     168 |       0 |   0.0 |       7 |       0 |   0.0
            +---------+---------+-------+---------+---------+-------
